 Dungeon Crawl Stone Soup version 0.16-a0-1132-gad589c6 (webtiles) character file.

271 Kashira the Quickloader (level 6, -7/34 HPs)
             Began as a Tengu Hunter on Oct 7, 2014.
             Mangled by Prince Ribbit (14 damage)
             ... on level 4 of the Dungeon.
             The game lasted 00:13:22 (3210 turns).

Kashira the Quickloader (Tengu Hunter)              Turns: 3210, Time: 00:13:22

Health: -7/34      AC:  5    Str: 15    XL:     6   Next: 23%
Magic:  6/8        EV: 11    Int: 11    God:
Gold:   201        SH:  0    Dex: 14    Spells: 0 memorised, 5 levels left

rFire  x . .     SeeInvis .     b - +2 hand crossbow
rCold  + . .     Clarity  .     k - +0 ring mail
rNeg   + . .     SustAb   .     (no shield)
rPois  .         Gourm    .     (helmet restricted)
rElec  .         Spirit   .     (no cloak)
rCorr  .         Warding  +     (no gloves)
rMut   .         Stasis   .     (boots unavailable)
MR     .....                    n - amulet of warding
Stlth  +.........               (no ring)
                                i - ring of ice

@: flying quickly and evasively, quick, not resistant to hostile enchantments,
very unstealthy
A: able to fly, beak, talons 3
a: no special abilities


You were on level 4 of the Dungeon.
You were not hungry.

You visited 1 branch of the dungeon, and saw 4 of its levels.

You collected 201 gold pieces.

Inventory:

Hand weapons
 a - a +0 short sword
 b - a +2 hand crossbow (weapon)
 u - a +1 dagger of venom
 x - a +0 spear
Missiles
 w - 4 bolts (quivered)
Armour
 d - a +0 leather armour
 k - a +0 ring mail (worn)
Comestibles
 f - 2 bread rations
 m - 2 meat rations
 s - a slice of pizza
Scrolls
 e - a scroll of amnesia
 g - a scroll of remove curse
Jewellery
 i - a ring of ice (left hand)
 n - an amulet of warding (around neck)
 v - an uncursed ring of positive energy {unknown}
Potions
 c - a potion of heal wounds {unknown}
 o - a potion of agility {unknown}
 p - 2 potions of magic
 r - a potion of poison {unknown}
 t - a potion of might {unknown}


   Skills:
 - Level 1.0 Fighting
 + Level 0.2 Polearms
 + Level 8.0 Crossbows
 - Level 2.1 Dodging
 - Level 1.0 Stealth


You had 5 spell levels left.
You didn't know any spells.

Dungeon Overview and Level Annotations

Branches:
Dungeon (4/15)
 Temple: D:4-7

Altars:
Fedhas

Annotations:
D:4 Prince Ribbit


Innate Abilities, Weirdness & Mutations

You can fly.
You have a beak for a mouth.
You have claws for feet.


Message History

It is a scroll of enchant weapon.
Enchant which weapon? (? for menu, Esc to quit)
Your +1 hand crossbow glows red for a moment.
Prince Ribbit barely misses you.
Read which item? (? for menu, Esc to quit)
As you read the scroll labeled XESIF OQESIMIA, it crumbles to dust.
The creatures around you are filled with an inner flame!
It was a scroll of immolation.
Prince Ribbit hits you!
* * * LOW HITPOINT WARNING * * *
Read which item? (? for menu, Esc to quit)
As you read the scroll labeled NUOPUN GHYWAK, it crumbles to dust.
You feel aware of your surroundings.
You sensed 1 altar.
It was a scroll of magic mapping.
Prince Ribbit barely misses you.
Prince Ribbit blinks!
Drink which item? (? for menu, Esc to quit)
You feel better. Prince Ribbit hits you!
* * * LOW HITPOINT WARNING * * *
Prince Ribbit hits you!
You die...

#.....######***,#**,*
###########..........####.###.*
#....................#......F.o
#..................#.'.....o...
#....)...%....((...#.##.#######
##+###'##+##...##+##+##.#######
#...#.#...+...#........'......
#...'.#...#...#........#......
#...#.'...#..@+........#......
#..##'##+##..F#+###.##%###.##+
#..##.##.####.....#.##.###+##.
#...........+.....#.........#.
#...........#.....#.........+.
#...........#.....+.........#.
*#+###+##'##+#.....#'##..######
*.............).......#..######
*,................(...#...+....


You could see Prince Ribbit (inner flame).

Vanquished Creatures
  An orc priest (D:3)
  2 hounds (D:4)
  An orc wizard (D:3)
  5 adders
  A scorpion zombie (D:4)
  A shadow imp (D:3)
  3 worms
  A giant gecko (D:3)
  13 orcs
  2 ball pythons
  4 giant cockroaches
  5 hobgoblins
  4 jackals (D:1)
  5 bats
  4 giant newts
  8 goblins
  9 kobolds
  7 rats
76 creatures vanquished.

Notes
Turn   | Place    | Note
--------------------------------------------------------------
     0 | D:1      | Kashira, the Tengu Hunter, began the quest for the Orb.
     0 | D:1      | Reached XP level 1. HP: 12/12 MP: 1/1
   181 | D:1      | Reached XP level 2. HP: 13/16 MP: 3/3
   301 | D:1      | Reached skill level 5 in Crossbows
   837 | D:2      | Reached XP level 3. HP: 20/20 MP: 4/4
  1114 | D:2      | Found a blossoming altar of Fedhas.
  1232 | D:2      | Reached skill level 6 in Crossbows
  1232 | D:2      | Reached XP level 4. HP: 25/25 MP: 5/5
  2348 | D:3      | Reached XP level 5. HP: 29/29 MP: 7/7
  2455 | D:3      | Reached skill level 7 in Crossbows
  3007 | D:4      | Reached XP level 6. HP: 34/34 MP: 8/8
  3096 | D:4      | Reached skill level 8 in Crossbows
  3174 | D:4      | Noticed Prince Ribbit
  3210 | D:4      | Mangled by Prince Ribbit

Action                   |  1- 3 |  4- 6 || total
-------------------------+-------+-------++-------
Melee: Short sword       |    10 |    18 ||    28
       Dagger            |       |    21 ||    21
       Spear             |       |    34 ||    34
 Fire: Hand crossbow     |    62 |    61 ||   123
 Abil: Fly               |       |     3 ||     3
  Use: Scroll            |       |     7 ||     7
       Potion            |       |     4 ||     4
  Eat: Chunk             |     1 |     6 ||     7
